 Dungeon Crawl Stone Soup version 0.15.2 (webtiles) character file.

7718 HopeRidesAlone the Martial Artist (level 11, 0/90 HPs)
             Began as a Mummy Monk on Oct 24, 2015.
             Slain by a killer bee (3 damage)
             ... on Level 10 of the Dungeon.
             The game lasted 00:29:59 (16105 turns).

HopeRidesAlone the Martial Artist (Mummy Monk)     Turns: 16105, Time: 00:30:00

HP   0/90        AC  8     Str 14      XL: 11   Next:  0%
MP   0/20        EV 13     Int  9      God:
Gold 460         SH  0     Dex 17      Spells:  0 memorised, 10 levels left

rFire  x . .     SeeInvis .       - Unarmed
rCold  + . .     Clarity  .     i - +0 ring mail
rNeg   + + +     rCorr    .     (no shield)
rPois  +         rRot     +     b - +2 helmet
rElec  .         Spirit   +     (no cloak)
SustAb .         Warding  .     (no gloves)
rMut   .         Stasis   .     (no boots)
Gourm  .                        g - amulet of guardian spirit
MR     +....                    (no ring)
                                j - ring of magical power

@: somewhat resistant to hostile enchantments, unstealthy
A: no food or potions, fire vulnerability, restore body, cold resistance 1,
negative energy resistance 3, poison resistance, torment resistance, unbreathing
a: no special abilities


You were on level 10 of the Dungeon.
You were not hungry.

You visited 1 branch of the dungeon, and saw 10 of its levels.

You collected 460 gold pieces.


Innate Abilities, Weirdness & Mutations

You do not eat or drink.
Your flesh is vulnerable to fire.
Your flesh is cold resistant.
You are immune to negative energy.
Your system is resistant to poisons.
You are immune to unholy pain and torment.
You can survive without breathing.


   Skills:
 - Level 10.0 Fighting
 - Level 7.0 Dodging
 + Level 3.1 Stealth
 - Level 10.1 Unarmed Combat


You had 10 spell levels left.
You didn't know any spells.

Inventory:

Armour
 b - a +2 helmet (worn)
 i - a +0 ring mail (worn)
Comestibles
 c - 6 royal jellies (quivered)
Scrolls
 a - a scroll of vulnerability {unknown}
 d - 6 scrolls of identify {@r1}
 e - a scroll of acquirement {unknown}
 h - a scroll of teleportation {@r4}
 l - a scroll of immolation {!r}
 o - 2 scrolls of remove curse
Jewellery
 g - an amulet of guardian spirit (around neck)
 j - a ring of magical power (left hand)

Dungeon Overview and Level Annotations

Branches:
Dungeon (10/15)            Temple (0/1) D:5            Lair (0/8) D:9
    Orc: D:9-12

Altars:
Cheibriados
Fedhas
Kikubaaqudgha
Makhleb
Nemelex Xobeh
The Shining One

Shops:
D:5 *

Annotations:
D:9 1 exclusion

. #... .## ##...
#+#...........#
....#...........#
....#...........#
....#...........#####
....#...............#
##..+...........M...#
.##'#.........yyyy..#
......o#####...yyy..#
.......#
#........######
####..y#
#.........(....
...#...#
#..............
...###.#
#.............
...<.y.#
#...o##+####.....#.
...%.#.# #....#
#.........


You could see an orc warrior and 7 killer bees.


Message History

The killer bee barely misses you. The killer bee closely misses you.
The killer bee stings you.
* * * LOW HITPOINT WARNING * * *
The killer bee stings you.
* * * LOW HITPOINT WARNING * * *
The killer bee closely misses you. The killer bee closely misses you.
The killer bee misses you. The killer bee stings you.
The killer bee barely misses you. The killer bee stings you.
* * * LOW HITPOINT WARNING * * *
The killer bee closely misses you. The killer bee stings you.
* * * LOW HITPOINT WARNING * * *
The killer bee stings you.
* * * LOW HITPOINT WARNING * * *
The killer bee stings you.
* * * LOW HITPOINT WARNING * * *
The killer bee barely misses you. The killer bee completely misses you.
The killer bee stings you.
* * * LOW HITPOINT WARNING * * *
The killer bee stings you.
* * * LOW HITPOINT WARNING * * *
The killer bee stings you but does no damage.
The killer bee closely misses you. The killer bee stings you.
* * * LOW HITPOINT WARNING * * *
The killer bee stings you but does no damage.
The killer bee stings you!
* * * LOW HITPOINT WARNING * * *
The killer bee stings you.
You die...

Action                   |  1- 3 |  4- 6 |  7- 9 | 10-12 || total
-------------------------+-------+-------+-------+-------++-------
Melee: Unarmed           |   153 |   343 |   646 |   482 ||  1624
  Use: Scroll            |     3 |     3 |     7 |     5 ||    18
 Stab: Sleeping          |     4 |     2 |     3 |       ||     9
       Distracted        |       |       |     1 |       ||     1

Vault maps used:
D:1:      onia_arrival_handbag
D:2:      uniq_terence
D:3:      first_bread
D:5:      minmay_temple_entry_trees, serial_shops, shop
D:6:      tso_oasis_becter
D:7:      kennysheep_little_box, kennysheep_mini_moat, minitemple,
          kennysheep_generic_room_13
D:8:      basic_altar, uniq_grum
D:9:      lair_0_dummy, serial_pond, minmay_pond_plants_x, minmay_pond_plants_l
D:10:     serial_glass, glass_columns_a, glass_columns_b, david_nohive_1

Notes
Turn   | Place    | Note
--------------------------------------------------------------
     0 | D:1      | HopeRidesAlone, the Mummy Monk, began the quest for the Orb.
     0 | D:1      | Reached XP level 1. HP: 18/18 MP: 1/1
   177 | D:1      | Reached XP level 2. HP: 10/24 MP: 2/2
   803 | D:1      | Reached skill level 4 in Unarmed Combat
  1088 | D:2      | Reached XP level 3. HP: 27/29 MP: 3/3
  1255 | D:2      | Noticed Terence
  1749 | D:3      | Reached XP level 4. HP: 31/35 MP: 4/4
  2251 | D:3      | Reached skill level 5 in Unarmed Combat
  3094 | D:3      | Reached XP level 5. HP: 39/41 MP: 5/5
  4421 | D:4      | Reached skill level 6 in Unarmed Combat
  4697 | D:5      | Entered Level 5 of the Dungeon
  4714 | D:5      | Reached XP level 6. HP: 45/47 MP: 6/6
  4785 | D:5      | Found a staircase to the Ecumenical Temple.
  4853 | D:5      | Noticed an ice beast
  4888 | D:5      | Killed an ice beast
  5060 | D:5      | Noticed a sky beast
  5098 | D:5      | Killed a sky beast
  5098 | D:5      | Reached skill level 7 in Unarmed Combat
  5098 | D:5      | Reached XP level 7. HP: 14/52 MP: 5/7
  5741 | D:5      | Noticed a phantom
  5750 | D:5      | Killed a phantom
  5796 | D:5      | Found Enwify's General Store.
  6124 | D:5      | Reached skill level 8 in Unarmed Combat
  6427 | D:1      | Killed Terence
  6593 | D:6      | Reached skill level 3 in Dodging
  6867 | D:6      | Reached XP level 8. HP: 43/58 MP: 8/8
  6966 | D:6      | Reached skill level 4 in Dodging
  7017 | D:6      | Found a glowing golden altar of the Shining One.
  7168 | D:6      | Reached skill level 5 in Dodging
  7742 | D:7      | Reached skill level 6 in Dodging
  7932 | D:6      | Reached skill level 4 in Fighting
  8004 | D:7      | Found a blossoming altar of Fedhas.
  8005 | D:7      | Found a snail-covered altar of Cheibriados.
  8066 | D:7      | Reached skill level 5 in Fighting
  8066 | D:7      | Reached XP level 9. HP: 52/68 MP: 9/9
  8092 | D:7      | Found a sparkling altar of Nemelex Xobeh.
  8370 | D:7      | Found a burning altar of Makhleb.
  8444 | D:7      | HP: 1/68 [wyvern zombie (9)]
  8800 | D:7      | Reached skill level 6 in Fighting
  8940 | D:8      | Noticed Grum
  9307 | D:5      | Reached skill level 7 in Fighting
  9599 | D:8      | Killed Grum
  9599 | D:8      | Reached skill level 7 in Dodging
 10310 | D:8      | Reached skill level 9 in Unarmed Combat
 10694 | D:8      | Found an ancient bone altar of Kikubaaqudgha.
 10876 | D:8      | Reached XP level 10. HP: 57/79 MP: 10/10
 12372 | D:9      | Noticed a kobold demonologist
 12383 | D:9      | Killed a kobold demonologist
 12383 | D:9      | Reached skill level 10 in Unarmed Combat
 12578 | D:9      | Found a staircase to the Lair.
 13077 | D:9      | Reached skill level 8 in Fighting
 13420 | D:10     | Entered Level 10 of the Dungeon
 13664 | D:9      | Reached skill level 9 in Fighting
 14940 | D:10     | Reached skill level 10 in Fighting
 15241 | D:9      | Reached skill level 2 in Stealth
 15448 | D:10     | HP: 5/85 [orc priest/divine providence (10)]
 15930 | D:10     | Reached skill level 3 in Stealth
 16052 | D:10     | Reached XP level 11. HP: 39/90 MP: 10/11
 16104 | D:10     | HP: 9/90 [killer bee (3)]
 16105 | D:10     | HP: 3/90 [killer bee (5)]
 16105 | D:10     | Slain by a killer bee

Vanquished Creatures
  A kobold demonologist (D:9)
  A troll (D:9)
  A queen bee (D:10)
  A two-headed ogre (D:8)
  3 yaks (D:9)
  A wraith (D:10)
  A deep elf mage (D:9)
  2 hill giant zombies (D:9)
  Grum (D:8)
  A steam dragon (D:10)
  3 wolves
  A hungry ghost (D:8)
  2 orc warriors
  3 ice beasts
  3 black bears
  A yellow wasp (D:8)
  2 necrophages
  2 phantoms
  2 sky beasts
  A big kobold (D:6)
  3 centaurs
  2 ogres
  A wyvern zombie (D:7)
  2 giant frogs
  6 scorpions
  11 wights
  21 killer bees
  4 crimson imps
  6 hounds
  2 iguanas
  A jelly (D:8)
  A soldier ant zombie (D:8)
  7 orc priests
  2 centaur skeletons
  An elf skeleton (D:8)
  4 orc wizards
  4 worker ants
  A hound zombie (D:6)
  Terence (D:1)
  3 gnolls (D:8)
  16 adders
  An orc skeleton (D:5)
  A goliath beetle zombie (D:5)
  3 worms
  An adder zombie (D:9)
  An iguana skeleton (D:8)
  7 giant geckos
  3 oozes
  38 orcs
  2 ball pythons
  11 bats
  3 bat skeletons
  14 goblins
  9 hobgoblins
  15 jackals
  6 giant cockroaches
  A giant cockroach zombie (D:5)
  3 giant newts
  A giant spore (D:9)
  A hobgoblin skeleton (D:6)
  11 kobolds
  A kobold zombie (D:8)
  An orc zombie (D:8)
  5 quokkas
  22 rats
  A rat skeleton (D:8)
  10 ballistomycetes
304 creatures vanquished.

Vanquished Creatures (collateral kills)
  A wolf (D:7)
  A rat (D:8)
2 creatures vanquished.

Vanquished Creatures (others)
  A jackal (D:8)
  A giant spore (D:6)
  A ballistomycete (D:6)
3 creatures vanquished.

Grand Total: 309 creatures vanquished
